 Dungeon Crawl Stone Soup version 0.19.0-19-g8c6edcc (webtiles) character file.

70 HungrySpirit the Changer (level 4, -1/38 HPs)
             Began as a Hill Orc Wanderer on Nov 15, 2016.
             Slain by an adder (4 damage)
             ... on level 1 of the Dungeon.
             The game lasted 00:04:02 (2305 turns).

HungrySpirit the Changer (Hill Orc Wanderer)        Turns: 2305, Time: 00:04:03

Health: -1/38      AC:  3    Str: 16    XL:     4   Next: 22%
Magic:  5/5        EV: 11    Int: 13    God:
Gold:   77         SH:  0    Dex:  8    Spells: 0 memorised, 5 levels left

rFire  . . .     SeeInvis .     e - +0 whip
rCold  . . .     Gourm    .     b - +0 leather armour
rNeg   . . .     Faith    .     (no shield)
rPois  .         Spirit   .     (no helmet)
rElec  .         Reflect  .     (no cloak)
rCorr  .         Harm     .     (no gloves)
MR     .....                    (no boots)
Stlth  +.........               (no amulet)
                                (no ring)
                                k - ring of wizardry

@: lethally poisoned (-1 -> -6)
A: no striking features
a: no special abilities


You were on level 1 of the Dungeon.
You were hungry.

You visited 1 branch of the dungeon, and saw 2 of its levels.

You collected 77 gold pieces.

Inventory:

Hand Weapons
 d - a +0 blowgun
 e - a +0 whip (weapon)
Missiles
 c - 10 poisoned needles
Armour
 b - a +0 leather armour (worn)
Jewellery
 k - a ring of wizardry (left hand)
Scrolls
 h - a scroll of enchant weapon
 i - a scroll of teleportation
 j - a scroll of identify
Comestibles
 a - 3 fruits
 f - a bread ration
 l - a beef jerky
 m - a meat ration


   Skills:
 * Level 3.4 Fighting
 + Level 2.2 Maces & Flails
 - Level 1.0 Throwing
 - Level 1.0 Spellcasting
   Level 1.0 Conjurations
   Level 3.7 Transmutations
   Level 1.0 Earth Magic
   Level 1.0 Evocations


You had 5 spell levels left.
You didn't know any spells.

Dungeon Overview and Level Annotations

Branches:
Dungeon (2/15)

Altars:


Message History

You are too injured to fight recklessly!
You aren't carrying any potions.
Okay, then.
You closely miss the adder.
The adder is lightly wounded.
* * * LOW HITPOINT WARNING * * *
You feel sick. The adder closely misses you.
You barely miss the adder.
The adder is lightly wounded.
The adder barely misses you.
You are feeling hungry.
You miss the adder.
The adder is lightly wounded.
* * * LOW HITPOINT WARNING * * *
You feel sick. The adder bites you.
* * * LOW HITPOINT WARNING * * *
You hit the adder.
The adder is moderately wounded.
The adder bites you.
You die...

...# #.######
♣♣.#
♣♣♣♣#......#
♣#.#
#♣♣P♣.♣#####.#
##.# ♣.♣P.♣♣ #.#
##.# ##♣P..P♣
#.# #..#
#......♣ #.#
...# #.♣♣...♣♣
#.# #..#
#.#♣♣P..♣#####.#
.†.# #.#
♣♣♣♣S@.....#
#.##
#.####.#########
#.# #......# #.#
######.# #.# #.#
#.###########.#
.#............#
#.#############
###


You could see an adder.

Vanquished Creatures
  Ijyb (D:2)
  An adder (D:2)
  An ooze (D:2)
  A dart slug (D:1)
  4 leopard geckos
  A ball python (D:2)
  7 bats
  A giant cockroach (D:1)
  4 goblins (D:1)
  A hobgoblin (D:1)
  2 frilled lizards (D:1)
  2 kobolds
  3 rats
29 creatures vanquished.

Notes
Turn   | Place    | Note
-------+----------+-------------------------------------------
     0 | D:1      | HungrySpirit the Hill Orc Wanderer began the quest for the Orb.
     0 | D:1      | HungrySpirit set off with: a book of Changes, the Reference Book on Companions, 10 poisoned needles, a +0 blowgun, a +0 robe, a bread ration
     0 | D:1      | Reached XP level 1. HP: 14/14 MP: 2/2
    94 | D:1      | Reached skill level 1 in Fighting
   300 | D:1      | Reached XP level 2. HP: 23/23 MP: 3/3
   581 | D:1      | Reached skill level 1 in Maces & Flails
  1154 | D:2      | Noticed Ijyb
  1166 | D:2      | HP: 1/36 [Ijyb/enchanted club (5)]
  1172 | D:2      | Killed Ijyb
  1172 | D:2      | Reached XP level 3. HP: 2/30 MP: 4/4
  1736 | D:2      | Reached XP level 4. HP: 23/38 MP: 5/5
  2305 | D:1      | Slain by an adder

Skill      XL: |  1  2  3 |
---------------+----------+-----
Fighting       | 1 2 3 |  3.4
Maces & Flails | 2 |  2.2
Throwing       | |  1.0
Spellcasting   | |  1.0
Conjurations   | |  1.0
Transmutations | |  3.7
Earth Magic    | |  1.0
Evocations     | |  1.0

Action                   |  1- 3 |  4- 6 || total
-------------------------+-------+-------++-------
Melee: Whip              |   114 |    23 ||   137
 Fire: Blowgun           |     9 |       ||     9
  Use: Potion            |     2 |     1 ||     3
       Scroll            |       |     2 ||     2
  Eat: Chunk             |     1 |     3 ||     4
Armor: Leather armour    |    23 |     2 ||    25
       Skin              |       |    27 ||    27
Dodge: Dodged            |    76 |    25 ||   101
